 Dungeon Crawl Stone Soup version 0.18.1-48-g4cf74bf (webtiles) character file.

104 Jebus the Cudgeler (level 4, 0/35 HPs)
             Began as a Demonspawn Berserker on Sept 3, 2016.
             Was a Believer of Trog.
             Slain by a worker ant (6 damage)
             ... on level 3 of the Dungeon.
             The game lasted 00:03:09 (2282 turns).

Jebus the Cudgeler (Demonspawn Berserker)           Turns: 2282, Time: 00:03:09

Health: 0/35       AC:  2    Str: 19    XL:     4   Next: 52%
Magic:  4/4        EV: 12    Int:  8    God:    Trog [**....]
Gold:   46         SH:  0    Dex: 14    Spells: 0 memorised, 3 levels left

rFire  . . .     SeeInvis .     a - +0 mace
rCold  . . .     Gourm    .     b - +0 animal skin
rNeg   . . .     Faith    .     (no shield)
rPois  .         Spirit   .     (helmet restricted)
rElec  .         Dismiss  .     (no cloak)
rCorr  .         Reflect  .     (no gloves)
SustAt .         Harm     .     (no boots)
MR     .....                    (no amulet)
Stlth  ++........               (no ring)
                                (no ring)

@: exhausted, slowed, very slow, not resistant to hostile enchantments,
unstealthy
A: horns 2, thin skeletal structure 1
a: Berserk, Trog's Hand, Burn Spellbooks, Renounce Religion


You were on level 3 of the Dungeon.
You worshipped Trog.
Trog was pleased with you.
You were near starving.

You visited 1 branch of the dungeon, and saw 3 of its levels.

You collected 46 gold pieces.

Inventory:

Hand Weapons
 a - a +0 mace (weapon)
Armour
 b - a +0 animal skin (worn)
Jewellery
 d - a +4 ring of strength {unknown}
 f - a cursed -3 ring of intelligence {unknown}
 m - an uncursed amulet of dismissal {unknown}
Scrolls
 e - a scroll of enchant weapon {unknown}
 i - 2 scrolls of identify {unknown}
 j - 4 scrolls of magic mapping {unknown}
 k - a scroll of random uselessness {unknown}
 o - a scroll of amnesia {unknown}
 p - a scroll of recharging {unknown}
 q - a scroll of enchant armour {unknown}
 s - a scroll of teleportation {unknown}
 t - a scroll of immolation {unknown}
Potions
 n - a potion of resistance {unknown}
 r - a potion of haste {unknown}
Comestibles
 c - 2 bread rations
 g - a meat ration
 l - a beef jerky


   Skills:
 - Level 3.0 Fighting
 + Level 4.8 Maces & Flails
 - Level 1.7 Armour
 - Level 1.7 Dodging


You had 3 spell levels left.
You didn't know any spells.

Dungeon Overview and Level Annotations

Branches:
Dungeon (3/15)

Altars:


Innate Abilities, Weirdness & Mutations

You have a pair of horns on your head.
You have a somewhat thin skeletal structure (Dex +2, Stealth).


Message History

A worker ant comes into view.
You are near starving!
Drink which item? (? for menu, Esc to quit)
You feel better.
The worker ant twitches its antennae in your direction.
The orc hits you with a hand axe.
* * * LOW HITPOINT WARNING * * *
The worker ant moves out of view.
The orc hits you with a hand axe.
* * * LOW HITPOINT WARNING * * *
Drink which item? (? for menu, Esc to quit)
You feel better. The orc hits you with a hand axe.
You barely miss the orc. You headbutt the orc.
The orc is moderately wounded.
The orc hits you with a hand axe. x2
* * * LOW HITPOINT WARNING * * *
You hit the orc.
You kill the orc!
Trog accepts your kill. The worker ant bites you.
You die...

#[##.. .# #..# # . .#
##.## #. #.# #..# #..
#.# ##.# ###..#### #.#
#.## #.......# #.#
#... #.....a.# #.#
####
#......@#####.######
########o..........##
##.r........[..##
######...(...........#
......))(............#
..####.).............#
..................#
####...............#
#...............#


You could see a worker ant, an orc and a rat.

Vanquished Creatures
  An orc priest (D:3)
  3 adders
  3 orcs (D:3)
  2 bats
  A giant cockroach (D:2)
  2 hobgoblins
  8 jackals (D:2)
  6 kobolds
  A quokka (D:2)
  5 giant newts
  7 goblins
  7 rats
  2 toadstools (D:1)
48 creatures vanquished.

Vanquished Creatures (others)
  2 toadstools (D:1)
2 creatures vanquished.

Grand Total: 50 creatures vanquished

Notes
Turn   | Place    | Note
--------------------------------------------------------------
     0 | D:1      | Jebus the Demonspawn Berserker began the quest for the Orb.
     0 | D:1      | Reached XP level 1. HP: 18/18 MP: 1/1
   298 | D:1      | Reached skill level 3 in Maces & Flails
   739 | D:1      | Gained mutation: You have a somewhat thin skeletal structure (Dex +2, Stealth). [demonic ancestry]
   739 | D:1      | Reached XP level 2. HP: 24/24 MP: 2/2
  1117 | D:2      | Gained mutation: You have a pair of small horns on your head. [demonic ancestry]
  1117 | D:2      | Reached XP level 3. HP: 23/29 MP: 3/3
  1194 | D:2      | Reached ** piety under Trog
  1368 | D:2      | Reached skill level 4 in Maces & Flails
  2223 | D:3      | Gained mutation: You have a pair of horns on your head. [demonic ancestry]
  2223 | D:3      | Reached XP level 4. HP: 34/35 MP: 4/4
  2282 | D:3      | Slain by a worker ant

Skill      XL: |  1  2  3 |
---------------+----------+-----
Maces & Flails | 3 4 |  4.8
Fighting       | |  3.0
Armour         | |  1.7
Dodging        | |  1.7

Action                   |  1- 3 |  4- 6 || total
-------------------------+-------+-------++-------
Melee: Mace              |   119 |    14 ||   133
       Headbutt          |     5 |     1 ||     6
Invok: Berserk           |     2 |     1 ||     3
  Use: Potion            |       |     4 ||     4
 Stab: Sleeping          |     1 |       ||     1
  Eat: Chunk             |     6 |       ||     6
Armor: Animal skin       |    27 |     4 ||    31
Dodge: Dodged            |   103 |    31 ||   134
